 Dungeon Crawl Stone Soup version 0.29.1-1-gd02db6906a (webtiles) character file.

Game seed: 2037549032734682731

332 bwicke the Magician (level 6, 0/42 HPs)
             Began as a Djinni Hedge Wizard on Sept 19, 2022.
             Slain by a gnoll
             ... wielding a +0 flail
              (11 damage)
             ... on level 3 of the Dungeon.
             The game lasted 00:15:11 (3661 turns).

bwicke the Magician (Djinni Hedge Wizard)           Turns: 3661, Time: 00:15:12

Health: 0/42       AC:  2    Str: 13    XL:     6   Next: 82%
Gold:   174        EV: 12    Int: 24    God:
                   SH:  0    Dex: 12

rFire   + + .      SeeInvis .   j - +0 spear
rCold   x . .      Faith    .   (no shield)
rNeg    . . .      Spirit   .   b - +0 robe
rPois   ∞          Reflect  .   c - +0 hat
rElec   +          Harm     .   (no cloak)
rCorr   .          Rampage  .   (no gloves)
Will    .....                   (boots unavailable)
Stlth   ++........              (no amulet)
HPRegen 0.14/turn               n - ring "Balaklag" {rElec Str+4 Int+6}
MPRegen 0.00/turn               (no ring)

@: flying, very slightly contaminated
A: sickness immunity, fire resistance 2, cold vulnerability 1, float, innate
caster, HP casting, extra vitality 1
a: no special abilities


You were on level 3 of the Dungeon.
You visited 1 branch of the dungeon, and saw 3 of its levels.

You collected 174 gold pieces.

Inventory:

Hand Weapons
 a - a +0 dagger
 j - a +0 spear (weapon)
 v - a +2 hand axe of freezing
 w - a +0 sling
 x - a +0 rapier
Missiles
 m - 6 javelins
Armour
 b - a +0 robe (worn)
 c - a +0 hat (worn)
Jewellery
 n - the ring "Balaklag" (left hand) {rElec Str+4 Int+6}
   (You found it on level 2 of the Dungeon)

   [ring of intelligence]

   Str:       It affects your strength (+4).
   Int:       It affects your intelligence (+6).
   rElec:     It insulates you from electricity.
Scrolls
 d - a scroll of poison {unknown}
 g - 2 scrolls of vulnerability {unknown}
 h - a scroll of enchant armour {unknown}
 k - 2 scrolls of amnesia {unknown}
 p - a scroll of fog {unknown}
 q - a scroll of blinking {unknown}
 r - a scroll of teleportation {unknown}
 u - a scroll of identify {unknown}
Potions
 e - 2 potions of curing {unknown}
 f - a potion of cancellation {unknown}
 i - a potion of resistance {unknown}
 l - a potion of mutation {unknown}
 o - 2 potions of flight {unknown}
 s - a potion of degeneration {unknown}
 t - 2 potions of lignification {unknown}


   Skills:
 + Level 1.5 Fighting
 - Level 2.1 Dodging
 - Level 1.5 Stealth
 - Level 5.3 Spellcasting


You couldn't memorise any spells.
You knew the following spells:

 Your Spells              Type           Power      Damage    Failure   Level
a - Magic Dart            Conj           100%       1d8       1%          1
b - Blink                 Tloc           62%        N/A       1%          2
c - Call Imp              Summ           31%        N/A       1%          2
d - Slow                  Hex            100%       N/A       1%          1
e - Conjure Flame         Conj/Fire      31%        6-21      3%          3
f - Mephitic Cloud        Conj/Pois/Air  31%        N/A       3%          3
g - Freeze                Ice            100%       1d11      1%          1
h - Static Discharge      Conj/Air       31%        3-7/arc   1%          2
Your spell library was empty.

Dungeon Overview and Level Annotations

Branches:
Dungeon (3/15)

Altars:

Shops:
D:1 ((??


Innate Abilities, Weirdness & Mutations

You are immune to sickness and miasma.
You are immune to poison.
Your flesh is very heat resistant. (rF++)
You are vulnerable to cold. (rC-)
You float through the air rather than walking.
You learn spells naturally, not from books.
Your magical power is your life essence.
You have superior vitality. (+4 MHP)


Message History

Unknown command.
Casting: Magic Dart (safe; 1% risk of failure)
Confirm with . or Enter, or press ? or * to list all spells.
Aiming: Magic Dart (safe; 1% risk of failure)
Press: ? - help, Shift-Dir - straight line, f/p - gnoll
Aim: a gnoll, wielding a +0 halberd, wearing a +4 ring of protection and quivering stones (heavily wounded, confused, 100% to hit)
The magic dart hits the gnoll.
The gnoll is severely wounded.
Casting: Magic Dart (safe; 1% risk of failure)
Confirm with . or Enter, or press ? or * to list all spells.
Okay, then.
The gnoll barely misses you.
The gnoll barely misses itself.
Casting: Magic Dart (safe; 1% risk of failure)
Confirm with . or Enter, or press ? or * to list all spells.
Aiming: Freeze (safe; 1% risk of failure)
Press: ? - help, Shift-Dir - straight line, f/p - gnoll
Aim: a gnoll, wielding a +0 halberd, wearing a +4 ring of protection and quivering stones (severely wounded, confused)
You freeze the gnoll!
You kill the gnoll!
The gnoll throws a throwing net.
The throwing net hits you.
You become entangled in the net!
You tear a large gash into the net.
You struggle against the net.
The gnoll hits you with a +0 flail.
You shred the net and break free! The gnoll barely misses you.
Casting: Freeze (safe; 1% risk of failure)
Confirm with . or Enter, or press ? or * to list all spells.
Aiming: Freeze (safe; 1% risk of failure)
Press: ? - help, Shift-Dir - straight line, f - gnoll
Aim: a gnoll, wielding a +0 flail You miscast Freeze.
You are very lightly contaminated with residual magic.
Nothing appears to happen.
A gnoll comes into view. It is wielding a +0 flail.
The gnoll barely misses you.
Casting: Freeze (safe; 1% risk of failure)
Confirm with . or Enter, or press ? or * to list all spells.
You miscast Static Discharge.
Nothing appears to happen.
* * * LOW HITPOINT WARNING * * *
The gnoll hits you with a +0 flail!
You die...

#.# #######.##.# ##
#.# #.##.#
#.#########.##.#
#...........##.#
##########..##.####
####..............
#.................
#.##.#########.###
#@##^# #.# #g##.#
#.# #h##.# #.#
#######g##.# #.#
####........#.# #.#
.......g##..#.# #.#
####.##.##..#.####
.####.##g##........
.............######


You could see 2 gnolls and a jackal.

Vanquished Creatures
  Grinder (D:3)
  Terence (D:2)
  Jessica (D:3)
  2 gnolls (D:3)
  3 adders
  A worm (D:2)
  An orc (D:3)
  3 endoplasms (D:1)
  A giant cockroach (D:1)
  5 goblins
  2 hobgoblins
  2 jackals (D:3)
  5 kobolds
  A quokka (D:1)
  5 ball pythons
  7 bats
  5 frilled lizards
  5 rats
51 creatures vanquished.

Vanquished Creatures (collateral kills)
  A quokka (D:1)
  2 ball pythons (D:1)
  A rat (D:3)
4 creatures vanquished.

Grand Total: 55 creatures vanquished

Notes
Turn   | Place    | Note
-------+----------+-------------------------------------------
     0 | D:1      | bwicke the Djinni Hedge Wizard began the quest for the Orb.
     0 | D:1      | bwicke set off with the following spells memorised: Magic
                  | Dart, Blink, Call Imp, Slow, Conjure Flame, Mephitic Cloud.
     0 | D:1      | Reached XP level 1. HP: 15/15 MP: 0/0
    40 | D:1      | Found a faded altar of an unknown god.
   455 | D:1      | Found Givorgh's Weapon Shoppe.
   482 | D:1      | Reached XP level 2. HP: 18/21 MP: 0/0
   482 | D:1      | Found Igafoex's Antique Weapon Shoppe.
   551 | D:1      | Found Lounekol's Magic Scroll Shop.
   669 | D:1      | Reached skill level 3 in Spellcasting
   860 | D:1      | Found Maxtiutu's Magic Scroll Boutique.
  1099 | D:1      | Reached XP level 3. HP: 11/25 MP: 0/0
  1099 | D:1      | Learned a level 1 spell: Freeze
  1279 | D:1      | Found Masacoe's Weapon Boutique.
  1893 | D:2      | Identified the ring "Balaklag" {rElec Str+4 Int+6}
  2248 | D:2      | Reached XP level 4. HP: 28/31 MP: 0/0
  2453 | D:2      | Noticed Terence
  2483 | D:2      | Killed Terence
  2484 | D:2      | Reached skill level 4 in Spellcasting
  3033 | D:3      | Reached XP level 5. HP: 34/35 MP: 0/0
  3033 | D:3      | Learned a level 2 spell: Static Discharge
  3215 | D:3      | Noticed Grinder
  3322 | D:3      | Killed Grinder
  3323 | D:3      | Reached skill level 5 in Spellcasting
  3323 | D:3      | Reached XP level 6. HP: 9/40 MP: 0/0
  3607 | D:3      | Noticed Jessica
  3618 | D:3      | Killed Jessica
  3619 | D:3      | Reached skill level 1 in Fighting
  3661 | D:3      | Slain by a gnoll

Illustrated notes

Levels and vault maps discovered:
D:1:      nicolae_arrival_washed_ashore, layout_basic, serial_shops,
          shop_statue, nicolae_shop_behind_doors,
          nicolae_shop_bloodbath_and_beyond, shop, shop,
          hellmonk_ecumenical_altar_heavens_door
D:2:      layout_basic, minmay_door_square, uniq_terence
D:3:      layout_loops_ring, uniq_jessica, uniq_ijyb, uniq_grinder, uniq_robin

Skill      XL: |  1  2  3  4  5  6 |
---------------+-------------------+-----
Spellcasting   | 3 4 5 |  5.3
Fighting       | 1 |  1.5
Dodging        | |  2.1
Stealth        | |  1.5

Action                   |  1- 3 |  4- 6 || total
-------------------------+-------+-------++-------
Melee: Dagger            |    15 |     3 ||    18
       Hand axe          |       |     4 ||     4
       Spear             |       |     9 ||     9
Throw: Javelin           |       |     1 ||     1
 Cast: Magic Dart        |    57 |    23 ||    80
       Call Imp          |     3 |     5 ||     8
       Freeze            |    12 |     6 ||    18
       Conjure Flame     |       |     4 ||     4
       Mephitic Cloud    |       |     2 ||     2
       Static Discharge  |       |     3 ||     3
 Stab: Sleeping          |     2 |       ||     2
Armor: Robe              |    10 |     4 ||    14
Dodge: Dodged            |    22 |    21 ||    43
